 Dungeon Crawl Stone Soup version 0.29-a0-323-g050149af67 (webtiles) character file.

Game seed: 17727289895743481256

2034 GigaChad the Cleaver (level 9, -4/71 HPs)
             Began as a Minotaur Chaos Knight on Apr 11, 2022.
             Was a Plaything of Xom.
             Slain by an orc warrior
             ... wielding a +0 halberd
              (17 damage)
             ... on level 7 of the Dungeon.
             The game lasted 00:18:28 (4824 turns).

GigaChad the Cleaver (Minotaur Chaos Knight)        Turns: 4824, Time: 00:18:29

Health: -4/71      AC: 15    Str: 18    XL:     9   Next: 3%
Magic:  8/8        EV:  8    Int:  7    God:    Xom [...*..]
Gold:   306        SH:  4    Dex: 13    Spells: 8/8 levels left

rFire   + . .      SeeInvis +   H - +1 trident of Amorality {pain, rF+ Will+ rCorr}
rCold   . . .      Faith    .   v - +0 buckler
rNeg    . . .      Spirit   .   m - +1 chain mail
rPois   .          Reflect  .   (helmet restricted)
rElec   .          Harm     .   (no cloak)
rCorr   +          Rampage  .   (no gloves)
Will    +....                   (no boots)
Stlth   ..........              (no amulet)
HPRegen 0.21/turn               i - +4 ring of protection
MPRegen 0.11/turn               s - ring of resist corrosion

@: no status effects
A: horns 2, retaliatory headbutt, see invisible, dopey 1, frail 1, mutation
resistance 1, MP-powered wands
a: Renounce Religion


You were on level 7 of the Dungeon.
You worshipped Xom.
You were a favourite toy of Xom.
You visited 1 branch of the dungeon, and saw 7 of its levels.

You collected 306 gold pieces.

Inventory:

Hand Weapons
 a - a +0 falchion of chaos
 l - a +3 vorpal battleaxe
 r - the +9 war axe of Joucutt {elec, MP+9}
   (You found it on level 2 of the Dungeon)

   It occasionally discharges a powerful burst of electricity upon striking a
   foe.
   MP:        It affects your magic capacity (+9).
 w - a +2 shortbow of chaos
 F - a +0 shortbow
 H - the +1 trident of Amorality (weapon) {pain, rF+ Will+ rCorr}
   (You found it on level 6 of the Dungeon)

   In the hands of one skilled in necromantic magic, it inflicts extra damage on
   living creatures.
   rF:        It protects you from fire.
   rCorr:     It protects you from acid and corrosion.
   Will:      It increases your willpower.
Missiles
 I - 6 poisoned darts
Armour
 b - a +2 leather armour
 m - a +1 chain mail (worn)
 v - a +0 buckler (worn)
Magical Staves
 x - a staff of poison
Jewellery
 i - a +4 ring of protection (left hand)
 s - a ring of resist corrosion (right hand)
 t - a ring of wizardry
Wands
 z - a wand of paralysis (6)
 E - a wand of polymorph (7)
Scrolls
 f - a scroll of teleportation
 g - 2 scrolls of amnesia
 h - 4 scrolls of fear
 j - 7 scrolls of identify
 o - a scroll of vulnerability
 p - 4 scrolls of blinking
 y - 3 scrolls of fog
 D - a scroll of torment {unknown}
 G - a scroll of immolation {unknown}
Potions
 d - 3 potions of curing {unknown}
 e - 3 potions of flight {unknown}
 k - 3 potions of mutation {unknown}
 n - a potion of magic {unknown}
 q - 2 potions of might {unknown}
 u - 2 potions of heal wounds {unknown}
 A - a potion of haste
 B - 2 potions of attraction {unknown}
 C - a potion of degeneration {unknown}
Miscellaneous
 c - a piece from Xom's chessboard (15/15) (quivered)


   Skills:
 + Level 7.4 Fighting
 + Level 5.2 Long Blades
 + Level 9.0 Axes
 + Level 0.4(5.6) Polearms
 + Level 0.6 Bows
 + Level 6.2 Armour
 + Level 3.0 Dodging
 + Level 1.9 Stealth
 + Level 2.1 Shields


You had 8 spell levels left.
You didn't know any spells.
Your spell library was empty.

Dungeon Overview and Level Annotations

Branches:
Dungeon (7/15)
 Temple: D:4-7

Altars:
Fedhas
Okawaru
Wu Jian
Yredelemnul


Innate Abilities, Weirdness & Mutations

You have a pair of horns on your head.
You reflexively headbutt those who attack you in melee.
You have supernaturally acute eyesight. (SInv)
You are dopey. (Int -2)
You are frail. (-10% HP)
You are somewhat resistant to further mutation.
You expend magic power (3 MP) to strengthen your wands.


Message History

The orc wizard is heavily wounded.
The orc barely misses you. You block the orc wizard's attack.
The orc warrior completely misses you.
You closely miss the orc wizard.
The orc wizard is heavily wounded.
The orc hits you but does no damage.
The orc wizard hits you but does no damage.
The orc warrior hits you with a +0 halberd!
You closely miss the orc wizard. You headbutt the orc wizard.
The orc wizard is almost dead.
The orc hits you but does no damage.
The orc wizard hits you but does no damage.
The orc warrior barely misses you.
You hit the orc wizard but do no damage.
The orc wizard is almost dead.
The orc wizard casts a spell at you. The puff of flame misses you.
The orc barely misses you. You furiously retaliate!
You headbutt the orc!
You kill the orc!
The orc warrior hits you with a +0 halberd!
You closely miss the orc wizard. You headbutt the orc wizard.
The orc wizard is almost dead.
The orc wizard closely misses you. You block the orc warrior's attack.
You hit the orc wizard but do no damage.
The orc wizard is almost dead.
The orc closely misses you.
The orc wizard hits you with a +2 dagger of electrocution.
The orc warrior barely misses you.
You hit the orc wizard but do no damage.
The orc wizard is almost dead.
The orc wizard closely misses you. You furiously retaliate!
You headbutt the orc wizard!
You kill the orc wizard!
The orc hits you but does no damage.
The orc warrior hits you with a +0 halberd!
* * * LOW HITPOINT WARNING * * *
Your Axes skill increases to level 9!
The orc warrior hits you from afar with a +0 halberd!
You die...
Xom chortles!

#.. ##.# ... #### ...# #.# #...
#+## #..# #.###... ##...## # #..#
#.#..... #.....## #.######..#
#####.#....# .......###.........#
#.........#.
...o....####..)##.####...........
.....$o.'...?.oo@..?...........#.
........####..o##.####.......####
(<..o..# ##.# #.# #...........
#.....## ## #.# #.....#...#.
##...## #.# .......#..... #+##
...#....#.##.#.#.
.#.#...#...#..... . .
...(...#..#.. .


You could see an orc warrior and 2 orcs.

Vanquished Creatures
  Prince Ribbit (D:6)
  A human (D:3)
  2 water moccasins (D:6)
  A black bear (D:6)
  4 ogres
  A centaur (D:6)
  A phantom (D:4)
  2 bullfrogs (D:6)
  A gnoll sergeant (D:6)
  2 scorpions (D:6)
  2 necrophages (D:6)
  A howler monkey (D:4)
  2 jellies
  3 hounds
  An orc priest (D:3)
  An iguana (D:6)
  An orc wizard (D:7)
  8 gnolls
  A river rat (D:2)
  6 adders
  2 ufetubi
  A worm (D:3)
  A dart slug (D:1)
  8 orcs
  6 ball pythons
  4 bats
  3 endoplasms
  A giant cockroach (D:4)
  12 goblins
  6 hobgoblins
  A quokka (D:4)
  2 frilled lizards (D:2)
  A jackal skeleton (D:3)
  4 kobolds
  4 rats
98 creatures vanquished.

Vanquished Creatures (others)
  A goblin zombie (D:3)
1 creature vanquished.

Grand Total: 99 creatures vanquished

Notes
Turn   | Place    | Note
-------+----------+-------------------------------------------
     0 | D:1      | GigaChad the Minotaur Chaos Knight began the quest for the
                  | Orb.
     0 | D:1      | Reached XP level 1. HP: 19/19 MP: 0/0
   328 | D:1      | Reached XP level 2. HP: 27/27 MP: 1/1
   374 | D:1      | XOM: divination: detect creatures
   577 | D:2      | XOM: noise
   694 | D:2      | Identified a scroll of acquirement
   694 | D:2      | Acquired a +2 vorpal battleaxe
   759 | D:2      | Reached XP level 3. HP: 33/33 MP: 2/2
   835 | D:2      | Identified the +9 war axe of Joucutt {elec, MP+9}
   881 | D:2      | Found a faded altar of an unknown god.
   932 | D:2      | XOM: polymorph endoplasm -> river rat
  1007 | D:2      | XOM: give mutations
  1007 | D:2      | Gained mutation: You expend magic power (3 MP) to
                  | strengthen your wands. [Xom's grace]
  1007 | D:2      | Gained mutation: You are somewhat resistant to further
                  | mutation. [Xom's grace]
  1007 | D:2      | Gained mutation: You have supernaturally acute eyesight.
                  | (SInv) [Xom's grace]
  1041 | D:3      | Reached XP level 4. HP: 41/41 MP: 3/3
  1246 | D:3      | XOM: butterfly on damage
  1248 | D:3      | Reached skill level 5 in Long Blades
  1248 | D:3      | Reached skill level 1 in Axes
  1249 | D:3      | Reached skill level 5 in Fighting
  1284 | D:3      | XOM: cloud trail
  1300 | D:3      | XOM: god gift: +2 shortbow of chaos
  1461 | D:3      | XOM: god gift: 2 scrolls labelled YBBAXT WIGHOF {god gift}
  1571 | D:3      | Found a runed translucent door.
  1572 | D:3      | Noticed a human
  1573 | D:3      | Found a basalt altar of Yredelemnul.
  1674 | D:3      | Killed a human
  1675 | D:3      | Reached skill level 3 in Axes
  1675 | D:3      | Reached XP level 5. HP: 44/48 MP: 4/4
  1675 | D:3      | Reached XP level 6. HP: 51/56 MP: 5/5
  1839 | D:3      | XOM: god gift: wand of paralysis (6)
  1987 | D:4      | Found an ornate altar of the Wu Jian Council.
  2074 | D:4      | XOM: enchant monster (bad)
  2078 | D:4      | Reached skill level 1 in Shields
  2092 | D:4      | XOM: polymorph scorpion -> howler monkey
  2094 | D:4      | Reached skill level 4 in Axes
  2094 | D:4      | XOM: noise
  2266 | D:4      | XOM: silly message
  2285 | D:4      | XOM: noise
  2346 | D:4      | XOM: summons 2 hostile demons
  2388 | D:5      | Entered Level 5 of the Dungeon
  2392 | D:5      | Reached XP level 7. HP: 63/63 MP: 6/6
  2404 | D:5      | Reached skill level 5 in Axes
  2585 | D:5      | Found a blossoming altar of Fedhas.
  2651 | D:5      | Noticed Prince Ribbit
  2654 | D:5      | XOM: cast spell 'Summon Hydra'
  2662 | D:5      | XOM: scenery: summon butterflies
  2675 | D:6      | Killed Prince Ribbit
  2676 | D:6      | Reached skill level 6 in Axes
  2783 | D:6      | XOM is BORED!
  2783 | D:6      | XOM: summons 4 hostile demons
  3053 | D:6      | Reached skill level 1 in Stealth
  3059 | D:6      | Reached XP level 8. HP: 67/71 MP: 7/7
  3109 | D:6      | XOM: confuse monster(s)
  3116 | D:6      | Reached skill level 5 in Armour
  3152 | D:6      | Reached skill level 7 in Axes
  3160 | D:6      | XOM: silly message
  3563 | D:6      | XOM: divination: magic mapping
  3734 | D:6      | XOM: god gift: 24 stones
  3741 | D:6      | Reached skill level 8 in Axes
  3859 | D:6      | XOM is BORED!
  3859 | D:6      | XOM: summons 5 hostile demons
  3860 | D:6      | Noticed a smoke demon
  3872 | D:6      | XOM: cloud trail
  3970 | D:6      | XOM: scenery: 1 doors open
  4080 | D:6      | Identified the +1 trident of Amorality {pain, rF+ Will+
                  | rCorr}
  4094 | D:6      | XOM: noise
  4096 | D:6      | Found an iron altar of Okawaru.
  4196 | D:6      | Reached XP level 9. HP: 41/79 MP: 8/8
  4382 | D:6      | XOM: silly message
  4519 | D:6      | XOM: give mutations
  4519 | D:6      | Gained mutation: You are frail. (-10% HP) [Xom's mischief]
  4519 | D:6      | Gained mutation: You are dopey. (Int -2) [Xom's mischief]
  4715 | D:6      | XOM: divination: detect creatures
  4824 | D:7      | Reached skill level 9 in Axes
  4824 | D:7      | Slain by an orc warrior

Illustrated notes

Levels and vault maps discovered:
D:1:      heliophobic_arrival_ceremonial_halls, layout_basic,
          serial_bayou_crossing
D:2:      layout_rooms, nicolae_ecumenical_snake_handling
D:3:      minmay_inner_zag, layout_basic, dk_yredelemnul_ordeal,
          gammafunk_ghost_cemetery, corexii_hall_statues_deadend
D:4:      layout_loops_ring, nzn_wu_jian_council_hall
D:5:      layout_rooms, mainiacjoe_overflow_cross_hatched, uniq_prince_ribbit1
D:6:      layout_basic, okawaru_gym_becter, minmay_ogre_servants
D:7:      layout_loops_corners, minmay_temple_entry_glass, enter_bailey_5,
          hangedman_decor_lopped, nicolae_wooded_promenade,
          chequers_serial_rivers_micro_e

Skill      XL: |  1  2  3  4  5  6  7  8  9 |
---------------+----------------------------+-----
Long Blades    | 4 5 |  5.2
Fighting       | 4 5 6 7 |  7.4
Axes           | 3 4 6 8 9 |  9.0
Armour         | 3 4 6 |  6.2
Dodging        | 2 3 |  3.0
Shields        | 1 2 |  2.1
Stealth        | 1 |  1.9
Polearms       | |  0.4
Bows           | |  0.6

Action                   |  1- 3 |  4- 6 |  7- 9 || total
-------------------------+-------+-------+-------++-------
Melee: Falchion          |    39 |       |       ||    39
       Headbutt          |     9 |     6 |    20 ||    35
       Battleaxe         |     4 |       |       ||     4
       Punch             |     1 |       |       ||     1
       War axe           |     9 |    61 |    88 ||   158
       Trident           |       |       |    33 ||    33
 Fire: Shortbow          |       |       |     3 ||     3
  Use: Scroll            |     4 |     4 |     1 ||     9
 Stab: Confused          |       |       |     2 ||     2
Armor: Leather armour    |    12 |       |       ||    12
       Chain mail        |     9 |    63 |   107 ||   179
Dodge: Dodged            |    35 |    28 |    63 ||   126
Block: Buckler           |       |    19 |    13 ||    32

Table legend: (Time is in decaauts)
 A = Elapsed time spent in this place.
 B = Non-inter-level travel time spent in this place.
 C = Inter-level travel time spent in this place.
 D = Time resting spent in this place.
 E = Time spent auto-exploring this place.
 F = Levels seen in this place.
 G = Mean time per level.
                   A        B        C        D        E       F      G
               +--------+--------+--------+--------+--------+-----+--------+
         Total |   4882 |   4837 |     45 |   1418 |    285 |   7 |  697.4 |
       Dungeon |   4882 |   4837 |     45 |   1418 |    285 |   7 |  697.4 |
               +--------+--------+--------+--------+--------+-----+--------+

Top non-repeatable levels by time:
     D:6: 2075 daAuts
     D:3: 863 daAuts
     D:1: 585 daAuts
     D:4: 521 daAuts
     D:2: 456 daAuts
     D:5: 288 daAuts
     D:7: 91 daAuts
